 Dungeon Crawl Stone Soup version 0.20-a0-689-g860b9ab (webtiles) character file.

156 Alarkh the Magician (level 5, -2/38 HPs)
             Began as a Mummy Skald on Feb 19, 2017.
             Slain by an orc
             ... wielding a +0 club
              (3 damage)
             ... on level 3 of the Dungeon.
             The game lasted 00:04:44 (3778 turns).

Alarkh the Magician (Mummy Skald)                   Turns: 3778, Time: 00:04:45

Health: -2/38      AC:  3    Str: 14    XL:     5   Next: 15%
Magic:  4/10       EV: 11    Int: 13    God:
Gold:   146        SH:  0    Dex: 12    Spells: 5/11 levels left

rFire    x . .     SeeInvis .   a - +0 falchion
rCold    + . .     Gourm    .   b - +0 leather armour
rNeg     + + +     Faith    .   (no shield)
rPois    ∞         Spirit   .   (no helmet)
rElec    .         Reflect  .   (no cloak)
rCorr    .         Harm     .   (no gloves)
MR       .....                  (no boots)
Stlth    +.........             (no amulet)
Regen    0.2/turn               (no ring)
MPRegen  0.2/turn               g - +3 ring of slaying

@: no status effects
A: no food or potions, fire vulnerability, cold resistance 1, negative energy
resistance 3, torment resistance, unbreathing
a: no special abilities


You were on level 3 of the Dungeon.
You were not hungry.

You visited 1 branch of the dungeon, and saw 3 of its levels.

You collected 146 gold pieces.

Inventory:

Hand Weapons
 a - a +0 falchion (weapon)
Armour
 b - a +0 leather armour (worn)
Jewellery
 g - a +3 ring of slaying (left hand)
Scrolls
 d - 2 scrolls of teleportation
 e - a scroll of identify
 f - a scroll of amnesia
 h - 2 scrolls of remove curse
 i - a scroll of enchant weapon
 j - a scroll of magic mapping {unknown}
Books
 c - a book of Battle

   Spells                             Type                      Level
   a - Infusion                       Charms                       1
   b - Shroud of Golubria             Charms/Translocation         2
   c - Song of Slaying                Charms                       2
   d - Spectral Weapon                Hexes/Charms                 3
   e - Regeneration                   Charms/Necromancy            3


   Skills:
 - Level 2.0 Fighting
 * Level 3.5 Long Blades
 - Level 0.7 Armour
 - Level 1.5 Dodging
 + Level 3.9 Spellcasting
 + Level 3.0 Charms


You had 5 spell levels left.
You knew the following spells:

 Your Spells              Type           Power        Failure   Level  Hunger
a - Infusion              Chrm           ##..         10%         1    N/A
c - Spectral Weapon       Hex/Chrm       #.......     41%         3    N/A
e - Shroud of Golubria    Chrm/Tloc      #.........   21%         2    N/A

Dungeon Overview and Level Annotations

Branches:
Dungeon (3/15)

Altars:


Innate Abilities, Weirdness & Mutations

You do not eat or drink.
Your flesh is vulnerable to fire.
You are immune to poison.
Your flesh is cold resistant. (rC+)
You are immune to negative energy. (rN+++)
You are immune to unholy pain and torment.
You can survive without breathing.


Message History

You hit the orc.
The orc is severely wounded.
You are no longer magically infusing your attacks.
The orc barely misses you. The orc hits you with a club.
You hit the orc.
The orc is almost dead.
The orc closely misses you. x2
You hit the orc but do no damage.
The orc is almost dead.
The orc hits you with a flail!
* * * LOW HITPOINT WARNING * * *
The orc closely misses you.
Casting: Infusion
Confirm with . or Enter, or press ? or * to list all spells.
Space distorts slightly along a thin shroud covering your body.
The orc hits you with a flail!
* * * LOW HITPOINT WARNING * * *
Your shroud falls apart!
The orc hits you with a club.
You die...

..# ..# ..# ..# #.#
..# ... # .###
#######.## ## #
#######.##@o(..# #
#......##.##o#......
# ##.##.#.##.##.#
#.###
.###.....#.##.##)# #
#...# #......(...#
#..####)##########
.....##<#
........######
.............#


You could see 2 orcs.

Vanquished Creatures
  2 orc wizards (D:3)
  Terence (D:2)
  3 worms (D:2)
  A leopard gecko (D:2)
  6 orcs
  2 giant cockroaches
  5 goblins
  7 hobgoblins
  5 jackals
  9 kobolds
  A quokka (D:2)
  5 bats
  7 frilled lizards
  4 rats
58 creatures vanquished.

Vanquished Creatures (others)
  A spectral weapon (D:3)
1 creature vanquished.

Grand Total: 59 creatures vanquished

Notes
Turn   | Place    | Note
-------+----------+-------------------------------------------
     0 | D:1      | Alarkh the Mummy Skald began the quest for the Orb.
     0 | D:1      | Reached XP level 1. HP: 16/16 MP: 4/4
   162 | D:1      | Reached XP level 2. HP: 3/22 MP: 1/5
  1356 | D:2      | Reached XP level 3. HP: 26/27 MP: 4/7
  1360 | D:2      | Learned a level 2 spell: Shroud of Golubria
  1364 | D:2      | Learned a level 3 spell: Spectral Weapon
  1527 | D:2      | Noticed Terence
  1541 | D:2      | HP: 1/27 [Terence/flail (8)]
  2418 | D:2      | Killed Terence
  2640 | D:2      | Reached XP level 4. HP: 33/33 MP: 7/9
  3770 | D:3      | Reached XP level 5. HP: 22/38 MP: 5/10
  3778 | D:3      | HP: 1/38 [orc/flail (9)]
  3778 | D:3      | Slain by an orc

Vault maps used:
D:1:      minmay_arrival_glassed_features, minmay_misc_feat_tiny
D:2:      uniq_terence
D:3:      nicolae_tso_swordbearing_angel, chequers_ecumenical_altar_twisty,
          kennysheep_cross_room, uniq_crazy_yiuf_cottage

Skill      XL: |  1  2  3  4 |
---------------+-------------+-----
Long Blades    | 2 3 |  3.5
Spellcasting   | 3 |  3.9
Charms         | 3 |  3.0
Fighting       | |  2.0
Armour         | |  0.7
Dodging        | |  1.5

Action                   |  1- 3 |  4- 6 || total
-------------------------+-------+-------++-------
Melee: Falchion          |   120 |    58 ||   178
 Cast: Infusion          |    23 |    10 ||    33
       Spectral Weapon   |     1 |     2 ||     3
       Shroud of Golubri |     1 |     2 ||     3
  Use: Scroll            |     3 |     1 ||     4
Armor: Leather armour    |    36 |    12 ||    48
Dodge: Dodged            |    75 |    33 ||   108
       Rpst.: Falchion   |    30 |     6 ||    36
